 Dungeon Crawl Stone Soup version 0.23.2-33-g5129a83184 (webtiles) character file.

Game seed: 10552883538891561051

67 Joat the Shield-Bearer (level 4, 26/35 HPs)
             Began as a Demonspawn Fighter on July 3, 2019.
             Got out of the dungeon alive.
             The game lasted 00:04:08 (1428 turns).

Joat the Shield-Bearer (Demonspawn Fighter)         Turns: 1428, Time: 00:04:09

Health: 26/35      AC: 12    Str: 16    XL:     4   Next: 0%
Magic:  4/4        EV:  8    Int: 10    God:
Gold:   89         SH:  9    Dex: 13    Spells: 3/3 levels left

rFire    . . .     SeeInvis .   a - +0 war axe
rCold    . . .     Gourm    .   c - +0 shield
rNeg     . . .     Faith    .   l - +4 ring mail
rPois    .         Spirit   .   b - +0 helmet
rElec    .         Reflect  .   (no cloak)
rCorr    .         Harm     .   (no gloves)
MR       .....                  (no boots)
Stlth    +.........             (no amulet)
HPRegen  0.11/turn              (no ring)
MPRegen  0.09/turn              (no ring)

@: no status effects
A: claws 1, yellow scales 1
a: no special abilities


You escaped.
You were not hungry.

You visited 1 branch of the dungeon, and saw 2 of its levels.

You collected 89 gold pieces.

Inventory:

Hand Weapons
 a - a +0 war axe (weapon)
Armour
 b - a +0 helmet (worn)
 c - a +0 shield (worn)
 l - a +4 ring mail (worn)
Jewellery
 i - an uncursed ring of ice
Scrolls
 e - 4 scrolls of remove curse {unknown}
 g - a scroll of immolation {unknown}
 j - a scroll of enchant armour {unknown}
 k - a scroll of fog {unknown}
 m - a scroll of enchant weapon {unknown}
 n - a scroll of teleportation {unknown}
Potions
 d - a potion of might
 h - 3 potions of curing {unknown}
 o - 2 potions of agility {unknown}
 p - 2 potions of flight {unknown}
Comestibles
 f - 6 rations
 q - 3 chunks of flesh


   Skills:
 - Level 3.0 Fighting
 + Level 3.0 Axes
 - Level 2.6 Armour
 + Level 3.6 Shields


You had 3 spell levels left.
You didn't know any spells.
Your spell library was empty.

Dungeon Overview and Level Annotations

Branches:
Dungeon (2/15)

Altars:
Qazlal


Innate Abilities, Weirdness & Mutations

You have sharp fingernails.
You are partially covered in yellow scales. (AC +2)


Message History

You butcher the adder corpse.
q - 3 chunks of flesh (gained 2)
You see here an adder skeleton.
You feel sick.
You now have 89 gold pieces (gained 5).
You feel sick.
You feel sick.
You are no longer poisoned.
(D) Dungeon
Where to? (Enter - D:2 @ (x,y), ? - help)
What level of the Dungeon? (default 1, ? - help)
There is an open door here.
There is a stormy altar of Qazlal here.
There is an open door here.
There is a stone staircase leading up here.
You climb upwards.
There is a stone staircase leading down here.
You see here 13 stones.
There is a staircase leading out of the dungeon here.
Are you sure you want to leave the Dungeon?
This will make you lose the game!
You have escaped!

#.#####..###.#####.########.#####
...................# #......
##..#.###.##.#####.# #######
#...## #.#######..# #...#
#.#≈≈≈≈≈...# ##...## #.≈≈≈≈≈....#
....#.###.≈≈≈≈.....#
##.###....≈≈≈...(..###
#.###..#.≈≈....@....#
#(##...#.≈≈≈......#)########
##...)....≈≈≈...............#####
#####.(...≈≈≈≈..≈..#.#####..>#...
# ##.##.#≈≈≈≈.≈≈#..#...........
#.##.#≈≈≈≈≈≈≈####.###...#.#.
#.##.############.####.##.#.
######.##..## #.#.....##.##.#.
....##.##.#.## #.#.###.##.##.#.


There were no monsters in sight!

Vanquished Creatures
  2 adders (D:2)
  2 oozes (D:2)
  An adder skeleton (D:2)
  3 dart slugs
  4 bats
  2 giant cockroaches
  2 goblins
  4 hobgoblins
  2 jackals (D:1)
  2 frilled lizards (D:2)
  3 kobolds
  6 rats
33 creatures vanquished.

Notes
Turn   | Place    | Note
-------+----------+-------------------------------------------
     0 | D:1      | Joat the Demonspawn Fighter began the quest for the Orb.
     0 | D:1      | Reached XP level 1. HP: 18/18 MP: 1/1
    61 | D:1      | Gained mutation: You are partially covered in yellow
                  | scales. (AC +2) [demonic ancestry]
    61 | D:1      | Reached XP level 2. HP: 21/24 MP: 2/2
   648 | D:2      | Reached XP level 3. HP: 29/29 MP: 3/3
  1073 | D:2      | Found a stormy altar of Qazlal.
  1361 | D:2      | Gained mutation: You have sharp fingernails. [demonic
                  | ancestry]
  1361 | D:2      | Reached XP level 4. HP: 22/35 MP: 4/4
  1428 | D:$      | Got out of the dungeon alive.

Skill      XL: |  1  2  3 |
---------------+----------+-----
Axes           | 2 3 |  3.0
Shields        | 3 |  3.6
Fighting       | |  3.0
Armour         | |  2.6

Action                   |  1- 3 |  4- 6 || total
-------------------------+-------+-------++-------
Melee: War axe           |    99 |       ||    99
  Eat: Chunk             |     2 |       ||     2
Armor: Scale mail        |    17 |       ||    17
       Ring mail         |    31 |       ||    31
Dodge: Dodged            |    32 |       ||    32
Block: Shield            |    49 |       ||    49
